 Dungeon Crawl Stone Soup version 0.27.1 (webtiles) character file.

Game seed: 11151140624335741926

79 Destapler the Chucker (level 4, -6/42 HPs)
             Began as a Troll Arcane Marksman on Aug 27, 2021.
             Was a Follower of Vehumet.
             Mangled by Crazy Yiuf (11 damage)
             ... on level 2 of the Dungeon.
             The game lasted 00:02:54 (1145 turns).

Destapler the Chucker (Troll Arcane Marksman)       Turns: 1145, Time: 00:02:54

Health: -6/42      AC:  4    Str: 18    XL:     4   Next: 17%
Magic:  4/4        EV: 10    Int:  9    God:    Vehumet [*.....]
Gold:   22         SH:  0    Dex: 11    Spells: 4/5 levels left

rFire    . . .     SeeInvis .   (no weapon)
rCold    . . .     Faith    .   (no shield)
rNeg     . . .     Spirit   .   a - +0 robe
rPois    .         Reflect  .   (helmet restricted)
rElec    .         Harm     .   (no cloak)
rCorr    .         Rampage  .   (gloves unavailable)
Will     .....                  (boots unavailable)
Stlth    +.........             (no amulet)
HPRegen  1.14/turn              (no ring)
MPRegen  0.09/turn              (no ring)

@: lethally poisoned (-6 -> -10)
A: large, unfitting armour, claws 3, regeneration 1, shaggy fur 1, tough skin 1
a: Renounce Religion


You were on level 2 of the Dungeon.
You worshipped Vehumet.
Vehumet was aware of your devotion.
You visited 1 branch of the dungeon, and saw 2 of its levels.

You collected 22 gold pieces.

Inventory:

Missiles
 b - 4 large rocks (quivered)
 c - 2 throwing nets
 k - 12 boomerangs
Armour
 a - a +0 robe (worn)
Scrolls
 d - a scroll of teleportation {unknown}
 e - a scroll of magic mapping {unknown}
 f - 2 scrolls of identify {unknown}
 g - a scroll of noise {unknown}
 i - a scroll of immolation {unknown}
 l - a scroll of brand weapon {unknown}
Potions
 h - a potion of magic {unknown}
 j - 2 potions of curing


   Skills:
 + Level 2.0 Fighting
 + Level 2.7 Throwing
 + Level 2.4 Dodging
 - Level 1.0 Spellcasting
 - Level 2.0 Hexes


You had 4 spell levels left.
You knew the following spells:

 Your Spells              Type           Power      Damage    Failure   Level
a - Corona                Hex            4%         N/A       16%         1

Your spell library contained the following spells:

 Spells                   Type           Power      Damage    Failure   Level
 Foxfire                  Conj/Fire      0%         2x1d4     36%         1
 Slow                     Hex            4%         N/A       24%         2
 Inner Flame              Hex/Fire       2%         N/A       58%         3
 Portal Projectile        Hex/Tloc       4%         N/A       58%         3
 Cause Fear               Hex            2%         N/A       85%         4


Dungeon Overview and Level Annotations

Branches:
Dungeon (2/15)

Altars:
Vehumet

Annotations:
D:2 Crazy Yiuf


Innate Abilities, Weirdness & Mutations

You are too large for most types of armour.
You have claws for hands.
Your natural rate of healing is unusually fast.
You are covered in fur. (AC +1)
You have tough skin. (AC +1)


Message History

Found a stone staircase leading up.
You now have 22 gold pieces (gained 10).
Found a stone staircase leading up.
Crazy Yiuf grits, "Mountain!
Cards aubergine spinner."
You open the door. You scratch Crazy Yiuf.
Crazy Yiuf is lightly wounded.
You scratch Crazy Yiuf but do no damage.
Crazy Yiuf is lightly wounded.
Crazy Yiuf hits you with a +3 quarterstaff of chaos!
Crazy Yiuf burns you.
You scratch Crazy Yiuf.
Crazy Yiuf is moderately wounded.
Crazy Yiuf hits you with a +3 quarterstaff of chaos.
You scratch Crazy Yiuf.
Crazy Yiuf is severely wounded.
Crazy Yiuf hits you with a +3 quarterstaff of chaos!
* * * LOW HITPOINT WARNING * * *
You scratch Crazy Yiuf.
Crazy Yiuf is almost dead.
Crazy Yiuf drinks a potion.
Crazy Yiuf is healed!
You scratch Crazy Yiuf.
Crazy Yiuf is heavily wounded.
Crazy Yiuf twirls on the spot.
Crazy Yiuf hits you with a +3 quarterstaff of chaos!
* * * LOW HITPOINT WARNING * * *
You are poisoned.
You are too injured to fight recklessly!
You are too injured to fight recklessly!
You are too injured to fight recklessly!
You are too injured to fight recklessly!
You are too injured to fight recklessly!
You are too injured to fight recklessly!
You are too injured to fight recklessly!
You closely miss Crazy Yiuf.
Crazy Yiuf is heavily wounded.
* * * LOW HITPOINT WARNING * * *
You feel very sick.
Crazy Yiuf hits you with a +3 quarterstaff of chaos!
You die...

..................#......#..#
.#.........######...#.##....##
...........# .............#
....##..#### ############.####
...)....# # ##.....# ..).##..#
#.#....[.. ##......##♣♣ ###
#......... #.###.....♣♣
♣♣#..)# ##.....†..
#.###......♣♣♣♣@g...#
#........
#.##........♣..♣#...#
#........ ##....#.....♣.♣♣♣
### #......... ........##♣♣♣♣♣
##.....†.. ###.##### ##......†
#..# ########## ##...... #..#
#......).# ######. ##.##
#><..#...# #. #..# #....#...#
#.


You could see Crazy Yiuf.

Vanquished Creatures
  3 adders (D:2)
  A worm (D:2)
  5 bats
  8 endoplasms
  3 giant cockroaches (D:1)
  A goblin (D:1)
  A hobgoblin (D:2)
  8 jackals (D:1)
  3 quokkas
  4 ball pythons (D:1)
  2 frilled lizards (D:2)
  4 kobolds (D:1)
  5 rats
48 creatures vanquished.

Notes
Turn   | Place    | Note
-------+----------+-------------------------------------------
     0 | D:1      | Destapler the Troll Arcane Marksman began the quest for the
                  | Orb.
     0 | D:1      | Reached XP level 1. HP: 18/18 MP: 1/1
    55 | D:1      | Reached skill level 1 in Fighting
    85 | D:1      | Reached XP level 2. HP: 27/27 MP: 2/2
   348 | D:1      | Reached XP level 3. HP: 30/33 MP: 3/3
   383 | D:1      | Found a faded altar of an unknown god.
   400 | D:1      | Became a worshipper of Vehumet
   400 | D:1      | Reached * piety under Vehumet
   400 | D:1      | Offered knowledge of Foxfire by Vehumet.
  1024 | D:2      | Found a runed translucent door.
  1025 | D:2      | Noticed Crazy Yiuf
  1080 | D:2      | Reached XP level 4. HP: 35/42 MP: 4/4
  1145 | D:2      | Mangled by Crazy Yiuf

Illustrated notes

Levels and vault maps discovered:
D:1:      evilmike_arrival_hilbert_curve, layout_loops_ring,
          hellmonk_ecumenical_altar_crossroads, minmay_surrounded
D:2:      layout_rooms, uniq_crazy_yiuf_cottage, uniq_terence

Skill      XL: |  1  2  3  4 |
---------------+-------------+-----
Fighting       | 1 2 |  2.0
Throwing       | 2 |  2.7
Dodging        | 2 |  2.4
Spellcasting   | |  1.0
Hexes          | |  2.0

Action                   |  1- 3 |  4- 6 || total
-------------------------+-------+-------++-------
Melee: Unarmed           |   162 |    24 ||   186
Armor: Robe              |    90 |    10 ||   100
Dodge: Dodged            |   114 |    14 ||   128
